 Dungeon Crawl Stone Soup version 0.20-a0-893-g832831a (webtiles) character file.

134 tarabluh the Ruffian (level 4, -17/39 HPs)
             Began as a Troll Summoner on Mar 17, 2017.
             Demolished by an ogre
             ... wielding a +0 giant club
              (20 damage)
             ... on level 4 of the Dungeon.
             The game lasted 00:01:27 (717 turns).

tarabluh the Ruffian (Troll Summoner)                Turns: 717, Time: 00:01:27

Health: -17/39     AC:  5    Str: 16    XL:     4   Next: 95%
Magic:  4/4        EV: 10    Int: 12    God:
Gold:   60         SH:  0    Dex: 10    Spells: 4/5 levels left

rFire    . . .     SeeInvis .     - Unarmed
rCold    . . .     Gourm    +   a - +0 robe
rNeg     . . .     Faith    .   (no shield)
rPois    .         Spirit   .   (helmet restricted)
rElec    .         Reflect  .   (no cloak)
rCorr    .         Harm     .   (gloves unavailable)
MR       .....                  (boots unavailable)
Stlth    +.........             (no amulet)
Regen    0.6/turn               (no ring)
MPRegen  0.1/turn               (no ring)

@: no status effects
A: unfitting armour, claws 3, fast metabolism 3, gourmand, regeneration 1,
shaggy fur 1, tough skin 2
a: no special abilities


You were on level 4 of the Dungeon.
You were completely stuffed.

You visited 1 branch of the dungeon, and saw 4 of its levels.

You collected 60 gold pieces.

Inventory:

Hand Weapons
 e - a +0 blowgun
Missiles
 f - 20 poisoned needles
 h - 2 tomahawks of returning (quivered)
Armour
 a - a +0 robe (worn)
Scrolls
 i - a scroll of remove curse {unknown}
 j - a scroll of identify {unknown}
Books
 b - a book of Callings

   Spells                             Type                      Level
   a - Summon Small Mammal            Summoning                    1
   b - Call Imp                       Summoning                    2
   c - Call Canine Familiar           Summoning                    3
   d - Summon Guardian Golem          Hexes/Summoning              3
   e - Summon Lightning Spire         Summoning/Air                4
   f - Summon Ice Beast               Ice/Summoning                4
Comestibles
 c - 2 bread rations
 g - a chunk of flesh


   Skills:
 - Level 1.5 Dodging
 - Level 1.0 Stealth
 * Level 4.6 Unarmed Combat
 - Level 1.2 Spellcasting
 - Level 2.9 Summonings


You had 4 spell levels left.
You knew the following spells:

 Your Spells              Type           Power        Failure   Level  Hunger
a - Summon Small Mammal   Summ           #...         12%         1    ##.....


Dungeon Overview and Level Annotations

Branches:
Dungeon (4/15)
 Temple: D:4-7

Altars:


Innate Abilities, Weirdness & Mutations

You are too large for most types of armour.
You have claws for hands.
Your metabolism is lightning-fast.
You like to eat raw meat.
Your natural rate of healing is unusually fast.
You are covered in fur. (AC +1)
You have very tough skin. (AC +2)


Message History

The ogre hits you with a giant club!
* * * LOW HITPOINT WARNING * * *
Found an escape hatch in the ceiling.
It was a potion of heal wounds.
You feel much better. The ogre barely misses you.
You claw the ogre!
The ogre is severely wounded.
The ogre hits you with a giant club!
You barely miss the ogre.
The ogre is severely wounded.
You scratch the ogre but do no damage.
The ogre is severely wounded.
The ogre hits you with a giant club!!
Ouch! That really hurt!
* * * LOW HITPOINT WARNING * * *
You scratch the ogre.
The ogre is almost dead.
The ogre hits you with a giant club!!
Ouch! That really hurt!
You die...

................
................
#......................
.....#.............?.#
#...........##....##.#.#
........................
..........#.##....##.#.#
................O......<
..........#.##.#@.##.#.#
.....##.#.#.##.#..##...
........#...............
..........#.##........
...#.##.................
##.#.##.#.#.#...........
##.#........#..#.#..###.
.....##.....#.......#
##.#.##.#####..#.#.##


You could see an ogre.

Vanquished Creatures
  A sky beast (D:4)
  3 adders
  A bat (D:1)
  2 giant cockroaches
  4 goblins
  3 jackals (D:4)
  A frilled lizard (D:3)
  3 kobolds
  A rat (D:1)
19 creatures vanquished.

Vanquished Creatures (others)
  A kobold (D:3)
1 creature vanquished.

Grand Total: 20 creatures vanquished

Notes
Turn   | Place    | Note
-------+----------+-------------------------------------------
     0 | D:1      | tarabluh the Troll Summoner began the quest for the Orb.
     0 | D:1      | Reached XP level 1. HP: 16/16 MP: 1/1
   147 | D:1      | Reached skill level 1 in Unarmed Combat
   277 | D:1      | Reached XP level 2. HP: 24/24 MP: 2/2
   323 | D:2      | Reached skill level 2 in Unarmed Combat
   497 | D:3      | Reached XP level 3. HP: 20/31 MP: 3/3
   615 | D:4      | Noticed a sky beast
   631 | D:4      | Killed a sky beast
   631 | D:4      | Reached skill level 4 in Unarmed Combat
   631 | D:4      | Reached XP level 4. HP: 8/39 MP: 4/4
   698 | D:4      | Noticed an ogre
   717 | D:4      | Demolished by an ogre

Vault maps used:
D:1:      lightli_arrival_lavapool, minmay_crystal_room, nrook_uturn
D:2:      first_bread
D:3:      lemuel_flame_loot_1, uniq_terence
D:4:      lemuel_crystal_altar, lemuel_coloured_pillars_altar

Skill      XL: |  1  2  3 |
---------------+----------+-----
Unarmed Combat | 1 2 4 |  4.6
Dodging        | |  1.5
Stealth        | |  1.0
Spellcasting   | |  1.2
Summonings     | |  2.9

Action                   |  1- 3 |  4- 6 || total
-------------------------+-------+-------++-------
Melee: Unarmed           |    68 |    10 ||    78
  Use: Potion            |       |     1 ||     1
 Stab: Sleeping          |     2 |       ||     2
  Eat: Chunk             |    11 |     1 ||    12
Armor: Robe              |    40 |     2 ||    42
Dodge: Dodged            |    44 |     2 ||    46
